 Dungeon Crawl Stone Soup version 0.22-a0-252-gcace5d2 (webtiles) character file.

681258 MatthieuS the Slayer (level 27, 0/188 HPs)
             Began as a Human Wanderer on Feb 28, 2018.
             Was the Champion of Okawaru.
             Splashed by a yellow draconian's acid (13 damage)
             ... on level 5 of the Realm of Zot on Mar 2, 2018.
             The game lasted 04:46:05 (79825 turns).

MatthieuS the Slayer (Human Wanderer)              Turns: 79825, Time: 04:46:07

Health: 0/188      AC: 36    Str: 25    XL:     27
Magic:  0/36       EV: 43    Int: 15    God:    Okawaru [******]
Gold:   7867       SH:  0    Dex: 24    Spells: 22/31 levels left

rFire    + . .     SeeInvis .   a - +10 lajatang of Boagain {slice, Str+4}
rCold    + . .     Gourm    .   (shield currently unavailable)
rNeg     + + +     Faith    .   Y - +6 gold dragon scales
rPois    +         Spirit   +   e - +2 hat of the Bear Spirit {Spirit, +Rage rN+ MR++}
rElec    +         Reflect  .   o - +2 cloak {MR+}
rCorr    .         Harm     .   r - +2 pair of gloves {Str+3}
MR       +++++                  t - +2 pair of boots {run}
Stlth    ..........             i - amulet "Tolaiho" {Acrobat rElec rN++ Int+3 Stlth-}
HPRegen  0.00/turn              X - +6 ring of evasion
MPRegen  0.25/turn              F - ring of Phasing {EV+8}

@: agile, about to teleport, heroism, finesse, corroded, quick
A: antennae 1, blurry vision 1, deformed body, deterioration 1, dopey 1, frail
2, screaming 1, inhibited regeneration, evolution 1
}: 3/15 runes: decaying, silver, gossamer
a: Heroism, Finesse, Renounce Religion, Evoke Berserk Rage


You were on level 5 of the Realm of Zot.
You worshipped Okawaru.
Okawaru was exalted by your worship.
You were hungry.

You visited 10 branches of the dungeon, and saw 47 of its levels.
You also visited: Trove.

You collected 11977 gold pieces.
You spent 4110 gold pieces at shops.

Inventory:

Hand Weapons
 a - the +10 lajatang of Boagain (weapon) {slice, Str+4}
   (You took it off a green draconian on level 1 of the Realm of Zot)

   It inflicts extra damage upon your enemies.
   It affects your strength (+4).
 w - the +6 longbow "Icwaco" {velocity, Dex+2}
   (Okawaru gifted it to you on level 5 of the Realm of Zot)

   Any arrow fired from it inflicts extra damage.
   It affects your dexterity (+2).
Missiles
 U - 950 arrows
Armour
 e - the +2 hat of the Bear Spirit (worn) {Spirit, +Rage rN+ MR++}
   (You bought it in a shop on level 1 of the Depths)

   It protects you from negative energy.
   It affects your resistance to hostile enchantments.
   It lets you go berserk.
 o - a +2 cloak of magic resistance (worn)
 r - a +2 pair of gloves of strength (worn)
 t - a +2 pair of boots of running (worn)
 Y - +6 gold dragon scales (worn)
Jewellery
 b - an uncursed ring of protection from fire
 i - the amulet "Tolaiho" (around neck) {Acrobat rElec rN++ Int+3 Stlth-}
   (You took it off a deep elf archer on level 3 of the Elven Halls)

   [amulet of the acrobat]

   It helps you evade while moving and waiting.
   It affects your intelligence (+3).
   It insulates you from electricity.
   It greatly protects you from negative energy.
   It makes you less stealthy.
 q - an uncursed ring of resist corrosion
 F - the ring of Phasing (right hand) {EV+8}
   (You bought it in a shop on level 1 of the Depths)

   [ring of evasion]

   It affects your evasion (+8).
 X - a +6 ring of evasion (left hand)
Wands
 d - a wand of disintegration (62)
 p - a wand of digging (54)
 y - a wand of paralysis (61)
 P - a wand of scattershot (9)
 Q - a wand of iceblast (38)
 V - a wand of enslavement (34)
Scrolls
 g - 13 scrolls of teleportation
 j - 8 scrolls of fog
 k - 11 scrolls of immolation
 n - 11 scrolls of blinking
 u - a scroll of enchant armour
 C - 7 scrolls of fear
 I - 20 scrolls of remove curse
 L - 2 scrolls of holy word
 N - 4 scrolls of magic mapping
 R - 7 scrolls of silence
 S - 12 scrolls of identify
Potions
 h - 7 potions of magic
 l - 3 potions of flight
 m - 4 potions of invisibility
 s - 5 potions of berserk rage
 v - 2 potions of cancellation
 x - 6 potions of ambrosia
 z - 6 potions of mutation
 G - 9 potions of haste
 H - 12 potions of curing
 T - 3 potions of might
 Z - 5 potions of agility
Miscellaneous
 c - a lamp of fire
 f - a phial of floods
 K - a fan of gales
Comestibles
 O - 55 rations


   Skills:
 + Level 23.1(27) Fighting
 * Level 20.2(25.2) Staves
 - Level 21.0(26.0) Bows
 - Level 20.3(25.3) Armour
 - Level 20.7(25.7) Dodging
   Level 1.0(6.0) Shields
 - Level 2.7 Spellcasting
   Level 1.0 Charms
 - Level 4.0 Translocations
 - Level 3.5 Transmutations
 - Level 3.0 Earth Magic
 - Level 19.6 Invocations
 - Level 3.4 Evocations


You had 22 spell levels left.
You knew the following spells:

 Your Spells              Type           Power        Failure   Level  Hunger
a - Apportation           Tloc           ##....       32%         1    #......
b - Passwall              Tmut/Erth      ##........   54%         2    ##.....
c - Petrify               Tmut/Erth      ##......     99%         4    #####..
d - Blink                 Tloc           N/A          43%         2    ##.....


Dungeon Overview and Level Annotations

Branches:
Dungeon (15/15)            Temple (1/1) D:7            Lair (3/6) D:10
  Swamp (4/4) Lair:3       Spider (4/4) Lair:2          Orc (2/2) D:9
    Elf (3/3) Orc:2        Vaults (5/5) D:13          Crypt (0/3) Vaults:2
 Depths (5/5) D:15            Zot (5/5) Depths:5

Altars:
Ashenzari
Cheibriados
Dithmenos
Elyvilon
Fedhas
Gozag
Hepliaklqana
Kikubaaqudgha
Makhleb
Nemelex Xobeh
Okawaru
Qazlal
Ru
Sif Muna
Trog
Uskayaw
Vehumet
Wu Jian
Xom
Yredelemnul
Zin
The Shining One
Beogh
Lugonu

Shops:
D:11 :*?!   D:12 :   D:15 (   Orc:2 ?:*[}   Elf:1 !%   Elf:3 *   Vaults:3 :
Depths:1 [==}   Depths:5 ?

Portals:
Hell: Depths:1 Depths:2 Depths:3 Depths:4 Depths:5
Abyss: Depths:2 Depths:4
Pandemonium: Depths:2 Depths:3
Ziggurat: Depths:4

Annotations:
D:7 exclusion: oklob plant
Orc:2 exclusion: 2 upstairs
Depths:3 1 runed door


Innate Abilities, Weirdness & Mutations

You have a pair of small antennae on your head.
Scrolls take you a little longer to read.
Armour fits poorly on your strangely shaped body.
Your body sometimes deteriorates upon taking damage.
You are dopey. (Int -2)
You are very frail. (-20% HP)
You occasionally shout uncontrollably at your foes.
You do not regenerate when monsters are visible.
You evolve.


Message History

The purple draconian annihilator mumbles some strange words.
The purple draconian annihilator blinks!
The yellow draconian misses you.
Unknown command.
You closely miss the orb of fire.
The orb of fire is moderately damaged.
You slash the black draconian monk!
The black draconian monk is heavily wounded.
The black draconian monk hits you but does no damage.
The black draconian monk completely misses you.
The black draconian monk barely misses you.
You completely miss the black draconian monk.
The black draconian monk is moderately wounded.
You slash the black draconian monk!
The black draconian monk is heavily wounded.
The yellow draconian throws acid at you.
The glob of acid hits you!
* * * LOW HITPOINT WARNING * * *
You are splashed with acid!
The acid burns!
You die...

..............▓
.........(q..(.
....d..........
...............
.....q.........
....*.........▓
....d...(....▓
#▓▓▓▓▓▓▓▓▓▓▓##(....▓▓
###..)^.)..(..@d(.....#
##...[##(.(((.§q*.......#
##...###..................
...(###...................
...## #......)(..q........
...# #.........(.........
..## #...................
..# #.........(........
..##


You could see an orb of fire, a black draconian monk, a yellow draconian and a
purple draconian annihilator.

Vanquished Creatures
  6 orbs of fire
  9 ancient liches
  4 juggernauts
  Bai Suzhen (D:15)
  Frederick (Depths:4)
  A caustic shrike (Depths:3)
  4 curse toes
  2 Killer Klowns (Zot:5)
  21 golden dragons
  Arachne (Spider:3)
  3 electric golems
  Jorgrun (Swamp:4)
  9 liches
  10 Orb Guardians (Zot:5)
  7 tentacled monstrosities
  2 deep elf blademasters
  11 quicksilver dragons
  9 titans
  Agnes (Spider:3)
  Kirke (D:12)
  4 death cobs
  3 thorn hunters (Swamp:4)
  Donald (Spider:3)
  9 sphinxes
  17 shadow dragons
  12 storm dragons
  2 draconian monks
  17 tengu reavers
  14 deep elf sorcerers
  6 draconian knights
  20 frost giants
  22 vault wardens
  17 fire giants
  An orc warlord (Elf:1)
  4 iron dragons
  5 draconian scorchers
  4 emperor scorpions
  3 draconian shifters
  A balrug (Depths:5)
  8 ghost moths
  3 draconian stormcallers
  2 ghouls
  3 deep elf elementalists (Elf:3)
  25 very ugly things
  7 spriggan defenders
  27 ironheart preservers
  3 war gargoyles (Vaults:5)
  4 draconian annihilators
  An entropy weaver (shapeshifter) (Depths:4)
  12 deep elf annihilators
  37 stone giants
  A dire elephant (D:15)
  2 entropy weavers
  6 black draconians
  5 deep elf demonologists
  5 vampire knights
  Azrael (Spider:3)
  12 white draconians
  2 red draconians (Zot:5)
  9 green draconians
  11 purple draconians
  4 yellow draconians
  10 spark wasps
  27 ettins
  8 deep elf death magi
  27 fire dragons
  2 jiangshi (Vaults:2)
  7 deep elf high priests
  15 great orbs of eyes
  24 yaktaur captains
  35 vault guards
  30 ice dragons
  21 ogre magi
  17 rakshasas
  20 hydras
  13 centaur warriors
  4 spriggan air magi
  27 two-headed ogres
  5 death knights
  The ghost of TheGoonsmith the Basher, a journeyman GrGl of Okawaru (Lair:2)
  34 dancing weapons
  A two-headed ogre (shapeshifter) (Vaults:3)
  12 alligators
  11 deep troll shamans
  9 tengu warriors
  Urug (Lair:3)
  10 death yaks
  9 spriggan berserkers
  A vampire mage (Depths:3)
  8 deep troll earth magi
  5 orc high priests
  24 deep elf knights
  A shock serpent (shapeshifter) (Vaults:3)
  2 sun demons (Depths:5)
  5 skeletal warriors
  A hell knight (Depths:2)
  A salamander mystic (Depths:2)
  4 spriggan druids
  The ghost of enarc13 the Bolt Thrower, a novice BaAM of Fedhas (D:8)
  14 swamp dragons
  7 unseen horrors
  20 deep trolls
  A swamp dragon (shapeshifter) (Depths:2)
  3 flayed ghosts
  2 shambling mangroves
  A gelid demonspawn (Depths:2)
  5 glowing orange brains
  18 ironbrand convokers
  15 orc knights
  A tengu zombie (Vaults:3)
  An orange crystal statue (Zot:1)
  4 wizards
  A lindwurm (shapeshifter) (Depths:3)
  24 wolf spiders
  18 deep elf archers
  2 phantasmal warriors (Vaults:5)
  16 orb spiders
  2 fauns (shapeshifter)
  7 necromancers
  A glowing shapeshifter (Depths:4)
  2 orc sorcerers (Orc:2)
  A frost giant zombie (Depths:4)
  A salamander (shapeshifter) (Depths:4)
  70 deep elf magi
  A mana viper (shapeshifter) (Vaults:5)
  A moth of wrath (shapeshifter) (Depths:2)
  An orb spider (shapeshifter) (Vaults:1)
  6 salamanders
  66 slime creatures
  25 ugly things
  3 manticores
  4 cyclopes
  24 moths of wrath
  An iron dragon skeleton (Depths:4)
  20 vault sentinels
  3 centaur zombies
  2 naga magi (Vaults:4)
  Maurice (Orc:2)
  6 spiny frogs
  2 gargoyles
  A hellion (Depths:2)
  Psyche (D:11)
  An elf zombie (Depths:4)
  A rime drake (Zot:1)
  10 freezing wraiths
  51 yaktaurs
  A spark wasp simulacrum (Depths:4)
  17 demonic crawlers
  A kobold demonologist (D:13)
  2 komodo dragons
  A hellwing (Depths:1)
  2 trolls (shapeshifter)
  An entropy weaver simulacrum (Vaults:1)
  A red devil (Depths:2)
  7 tengu conjurers
  7 tyrant leeches
  A wind drake (shapeshifter) (Vaults:1)
  13 jumping spiders
  12 trolls
  A sphinx simulacrum (Vaults:1)
  A raiju (shapeshifter) (Depths:2)
  4 hippogriffs
  11 bog bodies
  20 hornets
  13 blink frogs
  2 hippogriffs (shapeshifter)
  2 dream sheep (shapeshifter)
  4 air elementals
  34 redbacks
  4 shadows
  21 spriggans
  A centaur simulacrum (D:15)
  A yak (shapeshifter) (Vaults:3)
  32 yaks
  A spriggan (shapeshifter) (Vaults:4)
  A fire giant simulacrum (Vaults:3)
  28 tarantellas
  3 wraiths
  4 water elementals
  2 wyverns
  A ynoxinul (Depths:2)
  A human (shapeshifter) (Vaults:2)
  A golden eye (shapeshifter) (Depths:3)
  2 hogs (D:12)
  Grum (D:11)
  A vampire (D:15)
  A human (D:8)
  11 vampire mosquitoes
  The ghost of MatthieuS the Skirmisher, an amateur HuWn (D:3)
  3 fire elementals
  A human simulacrum (Vaults:1)
  2 hungry ghosts
  A steam dragon (shapeshifter) (Depths:2)
  2 yaktaur simulacra
  9 wargs
  6 acid dragons
  14 insubstantial wisps (Swamp:2)
  22 swamp worms
  A soldier ant (D:12)
  2 acid dragons (shapeshifter)
  3 hell hounds
  3 floating eyes
  2 porcupines
  11 water moccasins
  12 swamp drakes
  5 black bears
  4 ice beasts
  41 orc warriors
  3 phantoms
  51 ogres
  5 sky beasts
  2 eyes of draining
  2 eyes of draining (shapeshifter)
  4 wolves (D:11)
  11 boggarts
  12 centaurs
  6 crocodiles
  2 big kobolds
  15 bullfrogs
  A human zombie (Vaults:1)
  5 earth elementals
  Blork the orc (D:4)
  A gnoll sergeant (Orc:2)
  A water moccasin zombie (D:11)
  A wyvern skeleton (D:12)
  2 scorpions (D:5)
  62 killer bees
  4 wights (D:7)
  A howler monkey (shapeshifter) (Vaults:5)
  An electric eel (Lair:3)
  5 howler monkeys
  10 crimson imps
  3 bullfrog zombies
  9 hounds
  9 jellies
  54 orc priests
  5 bullfrog skeletons
  4 centaur skeletons
  8 iguanas
  22 orc wizards
  11 worker ants
  A killer bee zombie (D:8)
  A hound skeleton (D:7)
  2 worker ant zombies
  2 howler monkey skeletons
  6 gnolls
  10 adders
  6 shadow imps
  7 oozes (D:2)
  4 worms
  A dart slug (D:2)
  9 leopard geckos
  108 orcs
  6 bats
  2 giant cockroaches
  9 goblins
  12 hobgoblins
  12 jackals
  25 kobolds
  5 quokkas
  A ball python (D:3)
  10 frilled lizards
  A jackal zombie (D:5)
  8 rats
2358 creatures vanquished.

Vanquished Creatures (collateral kills)
  A tentacled monstrosity (Zot:1)
  A death cob (Zot:1)
  A moth of wrath (Zot:1)
3 creatures vanquished.

Vanquished Creatures (others)
  A spark wasp (Depths:4)
  An unseen horror (Vaults:1)
  A spriggan (Swamp:4)
  A human (D:12)
  A boggart (Depths:1)
  5 fungi
  A plant (Lair:1)
  5 toadstools (D:2)
16 creatures vanquished.

Grand Total: 2377 creatures vanquished

Notes
Turn   | Place    | Note
-------+----------+-------------------------------------------
     0 | D:1      | MatthieuS the Human Wanderer began the quest for the Orb.
     0 | D:1      | MatthieuS set off with: a ration, a +0 ring mail, a +0 shortbow, 25 arrows
     0 | D:1      | Reached XP level 1. HP: 13/13 MP: 1/1
    69 | D:1      | Reached XP level 2. HP: 20/20 MP: 2/2
   513 | D:1      | Reached XP level 3. HP: 25/25 MP: 3/3
   771 | D:1      | Reached skill level 1 in Dodging
   793 | D:1      | Reached skill level 1 in Fighting
   991 | D:2      | Reached XP level 4. HP: 25/32 MP: 4/4
  1711 | D:1      | Reached XP level 5. HP: 27/38 MP: 5/5
  1886 | D:2      | Reached skill level 2 in Fighting
  2149 | D:3      | Noticed MatthieuS's ghost (amateur HuWn)
  2182 | D:3      | Killed MatthieuS's ghost
  2182 | D:3      | Reached XP level 6. HP: 29/46 MP: 2/6
  2881 | D:4      | Reached skill level 5 in Bows
  2881 | D:4      | Reached XP level 7. HP: 49/51 MP: 7/7
  3057 | D:4      | Reached skill level 3 in Fighting
  4163 | D:4      | Found a glowing golden altar of the Shining One.
  4501 | D:5      | Entered Level 5 of the Dungeon
  4508 | D:5      | Noticed Blork the orc
  4532 | D:4      | Killed Blork the orc
  4532 | D:4      | Reached XP level 8. HP: 40/58 MP: 8/8
  4944 | D:5      | Reached skill level 4 in Fighting
  5416 | D:6      | Reached XP level 9. HP: 56/66 MP: 9/9
  5438 | D:6      | Reached skill level 5 in Armour
  5965 | D:6      | Reached skill level 5 in Dodging
  5997 | D:6      | Found a bloodstained altar of Trog.
  5997 | D:6      | Found a snail-covered altar of Cheibriados.
  6003 | D:6      | Reached skill level 5 in Fighting
  6105 | D:6      | Found a glowing silver altar of Zin.
  6480 | D:7      | Found a staircase to the Ecumenical Temple.
  6547 | D:7      | Found a stormy altar of Qazlal.
  6547 | D:7      | Noticed an oklob plant
  6930 | Temple   | Entered the Ecumenical Temple
  7095 | Temple   | Became a worshipper of Warmaster Okawaru
  7340 | D:7      | Noticed a hippogriff
  7356 | D:7      | Killed a hippogriff
  7356 | D:7      | Reached skill level 1 in Invocations
  8241 | D:7      | Reached XP level 10. HP: 75/75 MP: 11/11
  8249 | D:7      | Reached * piety under Okawaru
  8535 | D:8      | Noticed enarc13's ghost (novice BaAM)
  8549 | D:8      | Killed enarc13's ghost
  8549 | D:8      | Reached ** piety under Okawaru
  8549 | D:8      | Reached skill level 6 in Fighting
  9153 | D:8      | Found a stormy altar of Qazlal.
  9251 | D:8      | Reached skill level 1 in Staves
  9263 | D:8      | Noticed Psyche
 10452 | D:9      | Reached *** piety under Okawaru
 10562 | D:9      | Learned a level 2 spell: Passwall
 10567 | D:9      | Learned a level 4 spell: Petrify
 10569 | D:9      | Learned a level 1 spell: Sandblast
 10808 | D:9      | Noticed a two-headed ogre
 10839 | D:9      | Killed a two-headed ogre
 10839 | D:9      | Reached skill level 1 in Spellcasting
 10839 | D:9      | Reached skill level 1 in Earth Magic
 10839 | D:9      | Reached XP level 11. HP: 73/83 MP: 11/14
 10964 | D:9      | Received a gift from Okawaru
 11273 | D:9      | Found a staircase to the Orcish Mines.
 11368 | D:9      | Reached skill level 7 in Fighting
 12103 | D:10     | Entered Level 10 of the Dungeon
 12480 | D:9      | Reached **** piety under Okawaru
 12730 | D:10     | Reached skill level 5 in Invocations
 13200 | D:10     | Got a heavily runed chain mail
 13215 | D:10     | Identified the +8 chain mail of Insurance {Str+3 SInv} (You found it on level 10 of the Dungeon)
 13684 | D:10     | Noticed an unseen horror
 13695 | D:10     | Killed an unseen horror
 13695 | D:10     | Reached skill level 10 in Bows
 14072 | D:10     | Found a staircase to the Lair.
 14442 | D:11     | Killed Psyche
 14447 | D:11     | Reached ***** piety under Okawaru
 14447 | D:11     | Reached XP level 12. HP: 84/91 MP: 16/16
 14824 | Lair:1   | Entered Level 1 of the Lair of Beasts
 15100 | Lair:1   | Noticed a six-headed hydra
 15125 | Lair:1   | Killed a six-headed hydra
 15641 | Lair:1   | Reached skill level 8 in Fighting
 15985 | Lair:2   | Noticed TheGoonsmith's ghost (journeyman GrGl)
 16666 | Lair:2   | Noticed a death yak
 16667 | Lair:2   | Noticed a death yak
 16668 | Lair:2   | Noticed a death yak
 16668 | Lair:2   | Noticed a death yak
 16669 | Lair:2   | Noticed a death yak
 16670 | Lair:2   | Noticed a death yak
 16724 | Lair:2   | Killed a death yak
 16724 | Lair:2   | Received a gift from Okawaru
 16735 | Lair:2   | Killed a death yak
 16778 | Lair:1   | Killed a death yak
 17117 | Orc:1    | Entered Level 1 of the Orcish Mines
 17818 | Orc:2    | Entered Level 2 of the Orcish Mines
 17826 | Orc:2    | Noticed Maurice
 17896 | Orc:2    | Killed Maurice
 17917 | Orc:1    | Noticed an orc warlord
 18402 | Orc:2    | Received a gift from Okawaru
 18484 | Orc:2    | Found a staircase to the Elven Halls.
 18510 | Orc:2    | Noticed an orc high priest
 18522 | Orc:2    | Noticed a soul eater
 18648 | Orc:2    | Noticed a soul eater
 18758 | Orc:2    | Noticed a sun demon
 18773 | Orc:1    | Noticed a sixfirhy
 18775 | Orc:1    | Killed an orc high priest
 18775 | Orc:1    | Received a gift from Okawaru
 18775 | Orc:1    | Reached skill level 9 in Fighting
 18860 | Orc:2    | Noticed an orc high priest
 18867 | Orc:2    | Killed an orc high priest
 18867 | Orc:2    | Reached XP level 13. HP: 89/101 MP: 14/17
 19247 | Orc:2    | Received a gift from Okawaru
 19319 | Orc:2    | Found Nidacots's Book Emporium.
 19319 | Orc:2    | Found Netapo's Magic Scroll Boutique.
 19333 | Orc:2    | Bought a scroll of fear for 45 gold pieces
 19333 | Orc:2    | Bought a scroll of identify for 26 gold pieces
 19333 | Orc:2    | Bought a scroll of fear for 45 gold pieces
 19333 | Orc:2    | Bought a scroll of enchant armour for 97 gold pieces
 19333 | Orc:2    | Bought a scroll of fear for 45 gold pieces
 19333 | Orc:2    | Bought a scroll of enchant weapon for 97 gold pieces
 19344 | Orc:2    | Found a roughly hewn altar of Beogh.
 19388 | Orc:2    | Received a gift from Okawaru
 19563 | Orc:2    | Found Atioruirey's Antique Armour Emporium.
 19563 | Orc:2    | Found Nunius's Assorted Antiques.
 19575 | Orc:2    | Bought a runed cloak for 225 gold pieces
 19596 | Orc:2    | Bought a scroll labeled ONTIWUGIFU for 39 gold pieces
 19596 | Orc:2    | Bought a scroll labeled ONTIWUGIFU for 39 gold pieces
 19596 | Orc:2    | Bought a scroll of identify for 78 gold pieces
 19596 | Orc:2    | Bought a potion of heal wounds for 195 gold pieces
 19684 | Orc:2    | Received a gift from Okawaru
 19896 | Orc:2    | Found Keawecw's Gadget Shop.
 20299 | Orc:2    | Noticed an ettin
 20305 | Orc:2    | Killed an ettin
 20305 | Orc:2    | Received a gift from Okawaru
 21739 | Lair:1   | Received a gift from Okawaru
 21802 | Lair:2   | Killed TheGoonsmith's ghost
 21961 | Lair:2   | Received a gift from Okawaru
 21961 | Lair:2   | Reached skill level 10 in Fighting
 22045 | Lair:2   | Got an encrusted quarterstaff
 22046 | Lair:2   | Identified the +7 quarterstaff "Tanyirr" {crush, *Noise +Blink +Inv rElec} (You found it on level 2 of the Lair of Beasts)
 22238 | Lair:2   | Found a hole to the Spider Nest.
 22243 | Lair:2   | Reached skill level 10 in Dodging
 22572 | Lair:2   | Noticed a six-headed hydra
 22578 | Lair:2   | Killed a six-headed hydra
 22578 | Lair:2   | Reached XP level 14. HP: 110/110 MP: 16/19
 22846 | Lair:2   | Got a pitted scale mail
 22863 | Lair:2   | Identified the +1 scale mail "Xikoog" {rN+ Regen+ Dex+2 Slay-6} (You found it on level 2 of the Lair of Beasts)
 23099 | D:11     | You fall through a shaft for 3 floors!
 23120 | D:14     | Found a portal to a secret trove of treasure.
 23337 | D:13     | Received a gift from Okawaru
 23586 | D:12     | Received a gift from Okawaru
 23726 | D:12     | Found Lypeffi's Book Boutique.
 23731 | D:12     | Noticed Kirke
 23749 | D:12     | Killed Kirke
 23749 | D:12     | Received a gift from Okawaru
 24544 | D:11     | Reached ****** piety under Okawaru
 24567 | D:11     | Found Yrraufad's Book Shop.
 24594 | D:11     | Received a gift from Okawaru
 24799 | D:11     | Found Qigaoc's General Store.
 24814 | D:11     | Found Cuprum's Magic Scroll Shoppe.
 24817 | D:11     | Bought a scroll of teleportation for 48 gold pieces
 24830 | D:11     | Bought a scroll of brand weapon for 280 gold pieces
 24830 | D:11     | Bought a scroll of identify for 28 gold pieces
 24909 | D:11     | Found Kubahuil's Distillery.
 25228 | D:11     | Noticed Grum
 25248 | D:11     | Killed Grum
 25565 | D:13     | Reached skill level 5 in Staves
 25901 | D:13     | Found a gate to the Vaults.
 26150 | D:13     | Reached XP level 15. HP: 117/117 MP: 21/21
 26187 | D:13     | Received a gift from Okawaru
 26322 | D:13     | Reached skill level 11 in Fighting
 26548 | D:14     | Reached skill level 10 in Armour
 27004 | D:15     | Entered Level 15 of the Dungeon
 27025 | D:15     | Found Xyisotw Xato's Antique Weapon Shop.
 27084 | D:15     | Received a gift from Okawaru
 27438 | D:15     | Found a shimmering altar of Xom.
 27439 | D:15     | Found a shimmering altar of Xom.
 27439 | D:15     | Found a shimmering altar of Xom.
 27440 | D:15     | Found a shimmering altar of Xom.
 27440 | D:15     | Found a shimmering altar of Xom.
 27447 | D:15     | Found a shimmering altar of Xom.
 27804 | D:15     | Received a gift from Okawaru
 28141 | D:15     | Found a staircase to the Depths.
 28143 | D:15     | Noticed an emperor scorpion
 28155 | D:15     | Killed an emperor scorpion
 28609 | Spider:1 | Entered Level 1 of the Spider Nest
 28767 | Spider:1 | Received a gift from Okawaru
 28940 | Spider:1 | Identified the +0 leather armour of the Heavens {Str+2 Int-3 Stlth+} (You found it on level 1 of the Spider Nest)
 28949 | Spider:1 | Reached skill level 12 in Fighting
 28949 | Spider:1 | Reached XP level 16. HP: 127/127 MP: 23/23
 29795 | Spider:2 | Reached skill level 10 in Invocations
 30449 | Spider:2 | Reached XP level 17. HP: 134/134 MP: 24/24
 31408 | Spider:3 | Noticed Arachne
 31851 | Spider:3 | Killed Arachne
 31851 | Spider:3 | Received a gift from Okawaru
 32244 | Spider:3 | Noticed Azrael
 32257 | Spider:3 | Killed Azrael
 32326 | Spider:3 | Noticed Agnes
 32340 | Spider:3 | Killed Agnes
 32340 | Spider:3 | Received a gift from Okawaru
 32415 | Spider:3 | Noticed Donald
 32425 | Spider:3 | Killed Donald
 32425 | Spider:3 | Reached skill level 15 in Bows
 32910 | Spider:4 | Entered Level 4 of the Spider Nest
 34193 | Spider:4 | Reached skill level 13 in Fighting
 34387 | Spider:4 | Received a gift from Okawaru
 34387 | Spider:4 | Paralysed by a hornet for 1 turns
 34939 | Spider:4 | Received a gift from Okawaru
 35021 | Spider:4 | Got a gossamer rune of Zot
 35261 | Lair:2   | Reached XP level 18. HP: 143/143 MP: 21/26
 35459 | Lair:3   | Received a gift from Okawaru
 35515 | Lair:3   | Identified a +1 pair of boots of running (Okawaru gifted it to you on level 3 of the Lair of Beasts)
 35570 | Lair:3   | Got a shimmering dagger
 35571 | Lair:3   | Identified the +8 dagger of a Billion Continents {venom, rC+ MR++ Stlth+} (You found it on level 3 of the Lair of Beasts)
 35808 | Lair:3   | Noticed Urug
 35816 | Lair:3   | Killed Urug
 36041 | Lair:3   | Found a staircase to the Swamp.
 36080 | Swamp:1  | Entered Level 1 of the Swamp
 37768 | Swamp:2  | Received a gift from Okawaru
 38285 | Swamp:3  | Upgraded the game from 0.22-a0-248-gc8378ba to 0.22-a0-252-gcace5d2
 38301 | Swamp:3  | Received a gift from Okawaru
 39196 | Swamp:3  | Learned a level 2 spell: Blink
 39326 | Swamp:4  | Entered Level 4 of the Swamp
 39489 | Swamp:4  | Reached skill level 14 in Fighting
 39489 | Swamp:4  | Reached skill level 1 in Translocations
 39504 | Swamp:4  | Reached XP level 19. HP: 143/152 MP: 28/28
 39612 | Swamp:4  | Received a gift from Okawaru
 39916 | Swamp:4  | Got a smoking chain mail
 39927 | Swamp:4  | Identified the +1 chain mail of the Secret Coins {*Drain rPois rN+ Int+4} (You found it on level 4 of the Swamp)
 39997 | Swamp:4  | Learned a level 1 spell: Apportation
 40049 | Swamp:4  | Noticed Jorgrun
 40055 | Swamp:4  | Killed Jorgrun
 40133 | Swamp:4  | Got a decaying rune of Zot
 40809 | Vaults:1 | Entered Level 1 of the Vaults
 40999 | Vaults:1 | Received a gift from Okawaru
 41115 | Vaults:1 | Received a gift from Okawaru
 41158 | Vaults:1 | Got a translucent plate armour {god gift}
 41169 | Vaults:1 | Identified the +5 plate armour of the Engineer {+Fly Slay+5} (Okawaru gifted it to you on level 1 of the Vaults)
 41646 | Vaults:1 | Reached XP level 20. HP: 131/160 MP: 24/30
 42245 | Vaults:1 | Received a gift from Okawaru
 42429 | Vaults:1 | Reached skill level 15 in Fighting
 42751 | Vaults:2 | Got a shimmering fustibalus
 42756 | Vaults:2 | Received a gift from Okawaru
 42757 | Vaults:2 | Identified the +3 fustibalus of Shame {venom, rC+ Str+4 Int-5} (You found it on level 2 of the Vaults)
 42759 | Vaults:2 | Got an encrusted shortbow {god gift}
 42760 | Vaults:2 | Identified the +5 shortbow "Cinuteufy" {velocity, Dex+5} (Okawaru gifted it to you on level 2 of the Vaults)
 43414 | Vaults:2 | Received a gift from Okawaru
 43451 | Vaults:2 | Got a translucent longbow {god gift}
 43452 | Vaults:2 | Identified the +6 longbow of Itekk {flame, rElec rC- MR+} (Okawaru gifted it to you on level 2 of the Vaults)
 43760 | Vaults:2 | Found a staircase to the Crypt.
 43789 | Vaults:2 | Reached XP level 21. HP: 120/168 MP: 31/31
 43792 | Vaults:2 | Received a gift from Okawaru
 43987 | Vaults:2 | Received a gift from Okawaru
 44409 | Vaults:3 | Reached skill level 15 in Dodging
 44502 | Vaults:3 | Received a gift from Okawaru
 44946 | Vaults:3 | Found Loboysirgh's Book Emporium.
 45301 | Vaults:3 | Reached skill level 15 in Invocations
 46167 | Vaults:3 | Received a gift from Okawaru
 46400 | Vaults:3 | Received a gift from Okawaru
 46428 | Vaults:3 | Reached skill level 15 in Armour
 46430 | Vaults:3 | Reached skill level 16 in Fighting
 46434 | Vaults:3 | Received a gift from Okawaru
 46504 | Vaults:3 | Reached XP level 22. HP: 71/178 MP: 33/33
 48322 | Vaults:4 | Received a gift from Okawaru
 48355 | Vaults:4 | Received a gift from Okawaru
 49557 | Vaults:4 | Received a gift from Okawaru
 49836 | D:14     | You paid a toll of +4 ice dragon scales to enter a treasure trove
 49837 | Trove    | Entered a treasure trove
 49857 | Trove    | Got a warped golden amulet
 49879 | Trove    | Identified the amulet of Xom's Whimsicality {Harm *Drain rElec} (You found it in a treasure trove)
 49883 | Trove    | Identified the amulet "Owyemir" {Gourm -Tele rElec MR+++ Dex+2} (You found it in a treasure trove)
 49890 | Trove    | Got a glittering lead ring
 49891 | Trove    | Identified the ring "Echytek" {rPois Dex+3} (You found it in a treasure trove)
 49897 | Trove    | Identified a scroll of acquirement
 49922 | D:14     | Got a pair of encrusted gloves
 49923 | D:14     | Identified the +1 pair of gloves "Lenk" {rElec} (You acquired it on level 14 of the Dungeon)
 50115 | Elf:1    | Entered Level 1 of the Elven Halls
 50141 | Elf:1    | Found a radiant altar of Vehumet.
 50378 | Elf:1    | Reached XP level 23. HP: 170/186 MP: 33/35
 50408 | Elf:1    | Found Ahopsigh's Food Emporium.
 50805 | Elf:1    | Found Ahen's Distillery.
 50814 | Elf:1    | Bought a potion of curing for 30 gold pieces
 50814 | Elf:1    | Bought a potion of heal wounds for 50 gold pieces
 50814 | Elf:1    | Bought a potion of curing for 30 gold pieces
 50814 | Elf:1    | Bought a potion of curing for 30 gold pieces
 50814 | Elf:1    | Bought a potion of curing for 30 gold pieces
 51048 | Elf:1    | Found a roughly hewn altar of Beogh.
 51431 | Elf:2    | Received a gift from Okawaru
 51953 | Elf:2    | Received a gift from Okawaru
 52019 | Elf:2    | Found a runed gate.
 52019 | Elf:2    | Found a runed gate.
 52019 | Elf:2    | Found a runed gate.
 52222 | Elf:2    | Reached skill level 17 in Fighting
 52389 | Elf:2    | Received a gift from Okawaru
 52639 | Elf:3    | Entered Level 3 of the Elven Halls
 52725 | Elf:3    | Received a gift from Okawaru
 52754 | Elf:3    | Identified the +2 scale mail "Nuuganel" {rPois} (You found it on level 3 of the Elven Halls)
 53531 | Elf:3    | Received a gift from Okawaru
 54427 | Elf:3    | Got a crude copper amulet
 54613 | Elf:3    | Reached XP level 24. HP: 176/195 MP: 35/35
 54864 | Elf:3    | Identified the amulet "Tolaiho" {Acrobat rElec rN++ Int+3 Stlth-} (You took it off a deep elf archer on level 3 of the Elven Halls)
 54940 | Elf:3    | Found the +2 cloak of the Thief {+Fog Slay-2 SInv Stlth+}
 54952 | Elf:3    | Identified the cursed +1 ring mail of Cumasch {rElec Str+4 Dex-4 SInv} (You found it on level 3 of the Elven Halls)
 55234 | Elf:3    | Found Meohetil's General Store.
 55239 | Elf:3    | Bought a scroll of enchant weapon for 127 gold pieces
 55795 | Depths:1 | Entered Level 1 of the Depths
 56587 | D:15     | Received a gift from Okawaru
 56650 | Depths:1 | Noticed Bai Suzhen
 56674 | D:15     | Killed Bai Suzhen
 57956 | Depths:1 | Received a gift from Okawaru
 58273 | Depths:1 | Found a gateway to Hell.
 58392 | Depths:1 | Found Oskeirit's Armour Boutique.
 58398 | Depths:1 | Reached skill level 18 in Fighting
 58445 | Depths:1 | Bought the +2 hat of the Bear Spirit {Spirit, +Rage rN+ MR++} for 664 gold pieces
 58445 | Depths:1 | Found the +2 hat of the Bear Spirit {Spirit, +Rage rN+ MR++}
 58761 | Depths:1 | Noticed a golden dragon
 58768 | Depths:1 | Killed a golden dragon
 58768 | Depths:1 | Reached XP level 25. HP: 178/204 MP: 35/35
 59017 | Depths:1 | Found Woemuibb's Gadget Shoppe.
 59017 | Depths:1 | Found Gurenkei's Jewellery Boutique.
 59018 | Depths:1 | Found Qytsi's Jewellery Boutique.
 59037 | Depths:1 | Bought the ring of Phasing {EV+8} for 1792 gold pieces
 59037 | Depths:1 | Found the ring of Phasing {EV+8}
 59773 | Depths:2 | Noticed a juggernaut
 59782 | Depths:2 | Killed a juggernaut
 59803 | Depths:2 | Received a gift from Okawaru
 59861 | Depths:2 | Received a gift from Okawaru
 60366 | Depths:2 | Found a one-way gate leading to the halls of Pandemonium.
 60425 | Depths:2 | Found a one-way gate to the infinite horrors of the Abyss.
 60951 | Depths:3 | Found a runed door.
 60952 | Depths:3 | Noticed a juggernaut
 61231 | Depths:3 | Received a gift from Okawaru
 61293 | Depths:3 | Received a gift from Okawaru
 61330 | Depths:3 | Found a runed door.
 61339 | Depths:3 | Received a gift from Okawaru
 61354 | Depths:3 | Noticed an ancient lich
 61358 | Depths:3 | Killed an ancient lich
 61446 | Depths:3 | Reached XP level 26. HP: 172/213 MP: 36/36
 61523 | Depths:3 | Received a gift from Okawaru
 62033 | Depths:3 | Found a blossoming altar of Fedhas.
 62100 | Depths:3 | Noticed a juggernaut
 62116 | Depths:3 | Killed a juggernaut
 62384 | Depths:3 | Found the +7 sceptre of Torment
 62589 | Depths:3 | Found a runed door.
 62596 | Depths:3 | Found a runed door.
 62610 | Depths:3 | Killed a juggernaut
 62633 | Depths:3 | Reached skill level 19 in Fighting
 62752 | Depths:3 | Found a runed door.
 62912 | Depths:3 | Received a gift from Okawaru
 62960 | Depths:3 | Got a shimmering short sword
 62961 | Depths:3 | Identified the +11 short sword of Neef {flame, *Rage rC+ Dex+3} (You found it on level 3 of the Depths)
 62964 | Depths:3 | Got an encrusted short sword
 62965 | Depths:3 | Identified the +10 short sword "Asaq" {pierce, Stlth+} (You found it on level 3 of the Depths)
 62969 | Depths:3 | Got a pair of brightly glowing gloves
 62980 | Depths:3 | Identified the +0 pair of gloves of Sloth {-Tele Regen+ Dex+3} (You found it on level 3 of the Depths)
 62996 | Depths:3 | Got a fine shortbow {god gift}
 62997 | Depths:3 | Identified the +11 shortbow "Wainis" {flame, +Blink rElec rF+ Dex+4} (Okawaru gifted it to you on level 3 of the Depths)
 63339 | Depths:3 | Found a runed door.
 63498 | Depths:3 | Paralysed by a floating eye for 4 turns
 63826 | Depths:3 | Identified the Guide on Cloudy Earth
 63826 | Depths:3 | Identified the Volume of Venomous Moulding
 64034 | Depths:4 | Reached XP level 27. HP: 206/222 MP: 33/36
 64480 | Depths:4 | Identified the Reference Book on Displacement and Beguiling
 64558 | Depths:3 | Received a gift from Okawaru
 64636 | Depths:3 | Got a jewelled hat {god gift}
 64647 | Depths:3 | Identified the +2 hat of Nihilism {Regen+ rCorr Str-4 SInv} (Okawaru gifted it to you on level 3 of the Depths)
 64902 | Depths:4 | Found a gateway to a ziggurat.
 65028 | Depths:4 | Found a corrupted altar of Lugonu.
 65261 | Depths:4 | Noticed Frederick
 65272 | Depths:4 | Killed Frederick
 66190 | Depths:4 | Noticed a juggernaut
 66714 | Depths:4 | Killed a juggernaut
 66825 | Depths:4 | Received a gift from Okawaru
 67113 | Depths:5 | Entered Level 5 of the Depths
 67776 | Depths:5 | Found a gate to the Realm of Zot.
 67939 | Depths:5 | Found Muvvaxkyege's Magic Scroll Shoppe.
 67967 | Depths:5 | Bought a scroll of fear for 70 gold pieces
 68204 | Depths:5 | Reached skill level 20 in Fighting
 68823 | Vaults:4 | Found a radiant altar of Vehumet.
 68832 | Vaults:4 | Identified the cursed +0 hat "Korheeb" {Str+5} (You found it on level 4 of the Vaults)
 69181 | Vaults:5 | Entered Level 5 of the Vaults
 69184 | Vaults:5 | Noticed an ancient lich
 69463 | Vaults:5 | Received a gift from Okawaru
 69719 | Vaults:5 | Noticed an ancient lich
 69736 | Vaults:5 | Killed an ancient lich
 69736 | Vaults:5 | Reached skill level 10 in Staves
 69921 | Vaults:5 | Killed an ancient lich
 69924 | Vaults:5 | Received a gift from Okawaru
 70464 | Vaults:5 | Received a gift from Okawaru
 70726 | Vaults:5 | Found the +4 dagger "Morg" {pain, MR+ Int+5}
 70849 | Vaults:5 | Got a clouded jade ring
 70852 | Vaults:5 | Identified the ring of Recklessness {rF+ Str-5 Int+5 Dex+5} (You took it off a tengu reaver on level 5 of the Vaults)
 70971 | Vaults:5 | Received a gift from Okawaru
 71160 | Vaults:5 | Got a silver rune of Zot
 72911 | Zot:1    | Entered Level 1 of the Realm of Zot
 72964 | Zot:1    | Found a transporter.
 73287 | Zot:1    | Identified the Reference Book on the Floating Glacier
 73433 | Zot:1    | Received a gift from Okawaru
 73452 | Zot:1    | Got a twitching iron ring
 73454 | Zot:1    | Got a translucent lajatang {slice}
 73455 | Zot:1    | Identified the +10 lajatang of Boagain {slice, Str+4} (You took it off a green draconian on level 1 of the Realm of Zot)
 73502 | Zot:1    | Reached skill level 21 in Fighting
 73531 | Zot:1    | Identified the Disquisition on the Harmful Birds
 73556 | Zot:1    | Got a warped longbow
 73557 | Zot:1    | Identified the +10 longbow of Distraction {speed, Int+8 Stlth+} (You found it on level 1 of the Realm of Zot)
 73718 | Zot:1    | Received a gift from Okawaru
 73724 | Zot:1    | Identified the ring "Codgh" {MP+9 Str+6 Int-5} (You took it off a green draconian on level 1 of the Realm of Zot)
 73761 | Zot:1    | Identified Sif Muna's Volume of Bewitching Heat
 73982 | Zot:1    | Found a transporter.
 74058 | Zot:1    | Got a pitted wooden ring
 74104 | Zot:1    | Identified the ring of Zeemem {+Fly rF- rC+ Str-5 Int+8} (You found it on level 1 of the Realm of Zot)
 74737 | Zot:2    | Reached skill level 15 in Staves
 75806 | Zot:3    | Received a gift from Okawaru
 76188 | Zot:3    | Received a gift from Okawaru
 76860 | Zot:4    | Received a gift from Okawaru
 77114 | Zot:4    | Received a gift from Okawaru
 77117 | Zot:4    | Got a shimmering animal skin {god gift}
 77118 | Zot:4    | Identified the +3 animal skin of Poaguve {rC+ Int-3 SInv} (Okawaru gifted it to you on level 4 of the Realm of Zot)
 77242 | Zot:4    | Noticed an orb of fire
 77261 | Zot:4    | Gained mutation: Scrolls take you a little longer to read. [an orb of fire]
 77269 | Zot:4    | Killed an orb of fire
 77323 | Zot:4    | Reached skill level 22 in Fighting
 77445 | Zot:4    | Lost mutation: Scrolls take you a little longer to read. [a Zot trap]
 77619 | Zot:5    | Entered Level 5 of the Realm of Zot
 78151 | Zot:5    | Noticed an ancient lich
 78163 | Zot:5    | Killed an ancient lich
 78234 | Zot:5    | Noticed an ancient lich
 78245 | Zot:5    | Killed an ancient lich
 78245 | Zot:5    | Received a gift from Okawaru
 78249 | Zot:5    | Got a crystal longbow {god gift}
 78253 | Zot:5    | Identified the +6 longbow "Icwaco" {velocity, Dex+2} (Okawaru gifted it to you on level 5 of the Realm of Zot)
 78297 | Zot:5    | Noticed an orb of fire
 78379 | Zot:5    | Noticed an orb of fire
 78387 | Zot:5    | Noticed an orb of fire
 78397 | Zot:5    | Gained mutation: You occasionally shout uncontrollably at your foes. [an orb of fire]
 78398 | Zot:5    | Gained mutation: Your body sometimes deteriorates upon taking damage. [an orb of fire]
 78400 | Zot:5    | Gained mutation: You are dopey. (Int -2) [an orb of fire]
 78402 | Zot:5    | Killed an orb of fire
 78430 | Zot:5    | Killed an orb of fire
 78980 | Zot:5    | Noticed an orb of fire
 78982 | Zot:5    | Gained mutation: You are frail. (-10% HP) [an orb of fire]
 78990 | Zot:5    | Gained mutation: Armour fits poorly on your strangely shaped body. [an orb of fire]
 79003 | Zot:5    | Gained mutation: Scrolls take you a little longer to read. [an orb of fire]
 79004 | Zot:5    | Killed an orb of fire
 79014 | Zot:5    | Noticed an ancient lich
 79039 | Zot:5    | Killed an ancient lich
 79039 | Zot:5    | Received a gift from Okawaru
 79074 | Zot:5    | Received a gift from Okawaru
 79513 | Zot:5    | Noticed an ancient lich
 79524 | Zot:5    | Killed an ancient lich
 79524 | Zot:5    | Received a gift from Okawaru
 79601 | Zot:5    | Noticed an ancient lich
 79605 | Zot:5    | Killed an ancient lich
 79605 | Zot:5    | Received a gift from Okawaru
 79607 | Zot:5    | Noticed an ancient lich
 79620 | Zot:5    | Killed an ancient lich
 79687 | Zot:5    | Noticed an orb of fire
 79701 | Zot:5    | Gained mutation: You are very frail. (-20% HP) [an orb of fire]
 79702 | Zot:5    | Killed an orb of fire
 79702 | Zot:5    | Reached skill level 23 in Fighting
 79745 | Zot:5    | Noticed an orb of fire
 79755 | Zot:5    | Gained mutation: You do not regenerate when monsters are visible. [an orb of fire]
 79765 | Zot:5    | Gained mutation: You evolve. [an orb of fire]
 79770 | Zot:5    | Killed an orb of fire
 79804 | Zot:5    | Noticed an orb of fire
 79816 | Zot:5    | Gained mutation: You have a pair of small antennae on your head. [an orb of fire]
 79825 | Zot:5    | Splashed by a yellow draconian's acid

Vault maps used:
D:1:      sevenhm_arrival_forest_fort_large_4, minmay_tetromino_l2
D:2:      cheibrodos_fertilizer
D:4:      first_ration, tso_metal_star
D:5:      grunt_ministairs_6, bh_walls_and_bars, uniq_blork_the_orc
D:6:      zin_statuary, grunt_temple_overflow_open, minmay_lizard_king
D:7:      temple_statues, lemuel_oklob_altar
D:8:      nicolae_qazlal_eye_of_the_storm, grunt_pizzeria,
          lightli_corner_chamber, uniq_psyche
D:9:      erik_orc_1, serial_co_window_serial, co_window_corner_a,
          co_window_paths_a, co_window_paths_a, co_window_corner_a,
          co_window_of_opportunity_a, co_window_corner_a, co_window_paths_b,
          co_window_paths_b, co_window_of_opportunity_a, co_window_corner_ca,
          co_window_paths_c, co_window_of_opportunity_b, co_window_broadway_a,
          co_window_of_opportunity_c, co_window_broadway_a, glass_columns_a,
          glass_columns_a
D:10:     lair_entry_dummy, item_on_display_a
D:11:     hangedman_cross_stitches, serial_shops, shop_fountains,
          nicolae_shop_stone, shop_statue, nicolae_shop_trees, uniq_grum
D:12:     serial_shops, shop, uniq_kirke
D:13:     david_vaults_1
D:14:     nicolae_two_hexagons, enter_trove_2, hangedman_decor_push
D:15:     hangedman_depths_entry_try_elsewhere_first, minmay_misc_feat_columns,
          minmay_shop_grid_forest, xom_shifter_show
Temple:   dpeg_five_rooms_temple
Lair:2:   wad_woods_minihive, spider_nest_entry_funnel_web
Lair:3:   nicolae_swamp_entry_splash_gauntlet, uniq_urug
Swamp:1:  hangedman_swamp_cone, swamp_pool1
Swamp:2:  nicolae_swamp_dense_foliage, swamp_pool2
Swamp:3:  hangedman_swamp_lotus
Swamp:4:  swamp, hangedman_swamp_pad, swamp_pool2, infiniplex_staircase_pool,
          uniq_jorgrun
Spider:1: guppyfry_hornet_nest
Spider:2: cheibrodos_forgotten_conduit
Spider:3: uniq_arachne, uniq_donald, uniq_azrael, uniq_agnes
Spider:4: grunt_spider_rune_island
Orc:1:    mines2_lemuel
Orc:2:    st_orc_town, serial_shops, nicolae_shop_trees, uniq_maurice
Elf:1:    eino_elf_arrival_altar, special_room, serial_shops, shop,
          nicolae_shop_behind_doors, hangedman_elven_crosses_minicolossus,
          amethyst_killhole, spider_trap
Elf:3:    minmay_elf_hall_spiked, serial_shops, shop_fountains,
          einodemon_crawler_minivault, basic_stair_grate_trap
Vaults:1: st_smaller_cells, vaults_mumra_hex, nicolae_vaults_ninety_degrees,
          dpeg_vaults_monster_box, vaults_dpeg_cross, grunt_vaults_swirl,
          grunt_vaults_focal, ontoclasm_vaults_decontamination,
          vaults_room_door_ring, ontoclasm_vaults_misaligned,
          hangedman_vaults_restitches, v_pattern_2, v_misc_25, vaults_room_pools
Vaults:2: v_rooms_3, minmay_crypt_entry_simple_round, vaults_room_hallway,
          hangedman_vaults_hat, v_misc_9, st_cells, hangedman_vaults_slice,
          v_misc_16, vaults_mumra_chevron, nicolae_vaults_twisting_passages,
          hangedman_vaults_stretched_pinwheel
Vaults:3: nicolae_vaults_big_ls, v_alt_pattern_4, v_pattern_3,
          dpeg_vaults_pockets_of_resistance, v_misc_23,
          grunt_vaults_hallway_long, ontoclasm_vaults_eye,
          nicolae_vaults_angled_halls, v_alt_pattern_3, serial_shops, shop
Vaults:4: nicolae_vaults_little_ls, vaults_room_grunt_arrival_checkpoint,
          v_misc_26, nicolae_vaults_arrows, grunt_tower_of_power,
          hangedman_vaults_variations, nicolae_vaults_mini_display_case,
          v_misc_31
Depths:1: nooodl_heptagram, serial_glass, glass_columns_a, glass_columns_a,
          glass_columns_b, glass_columns_a, glass_columns_b, glass_columns_c,
          glass_columns_b, glass_columns_a, hell_entry, serial_shops,
          shop_fountains, minmay_shop_grove, uniq_bai_suzhen
Depths:2: hangedman_arch_fort, abyss_entry, infiniplex_staircase_x, hell_entry,
          rand_demon_pan_entry_3, spider_trap, minmay_misc_feat_nine_boxes
Depths:3: minmay_the_grid_ultimate, hell_entry, pan_entry
Depths:4: minmay_nested_s, enter_ziggurat_d, abyss_entry_flame_altar,
          pf_dread_powers_of_hell, minmay_misc_feat_diagonals,
          grunt_megastairs_3, uniq_frederick
Depths:5: grunt_zot_entry_tricorne, serial_shops, shop, lightli_too_deep,
          grunt_megastairs_1, basic_stair_grate_trap
Zot:1:    gammafunk_sealed_arena, st_large_dragon_hoard_2
Zot:2:    kennysheep_blocky_hall
Trove:    trove_simple

Skill      XL: |  1  2  3  4  5  6  7  8  9 10 11 12 13 14 15 16 17 18 19 20 21 22 23 24 25 26 27 |
---------------+----------------------------------------------------------------------------------+-----
Dodging        | 1 2 3 4 5 6 7 9 10 11 12 13 14 15 16 17 18 20 | 20.7
Fighting       | 1 2 3 4 5 6 7 9 10 12 13 14 15 16 17 18 19 23 | 23.1
Bows           | 4 5 7 8 9 10 12 13 14 15 16 17 18 19 20 21 | 21.0
Armour         | 3 4 6 7 8 9 10 11 12 13 14 15 16 17 18 20 | 20.3
Invocations    | 1 4 5 7 8 9 10 11 12 13 14 15 16 17 18 19 | 19.6
Evocations     | 3 |  3.4
Staves         | 1 3 5 6 20 | 20.2
Spellcasting   | 1 2 |  2.7
Earth Magic    | 1 3 |  3.0
Translocations | 1 4 |  4.0
Transmutations | 3 |  3.5
Shields        | |  1.0
Charms         | |  1.0

Action                   |  1- 3 |  4- 6 |  7- 9 | 10-12 | 13-15 | 16-18 | 19-21 | 22-24 | 25-27 || total
-------------------------+-------+-------+-------+-------+-------+-------+-------+-------+-------++-------
Melee: Short sword       |    17 |   181 |   340 |   520 |   111 |       |       |       |       ||  1169
       Punch             |       |       |       |     8 |     1 |       |       |     4 |     4 ||    17
       Trident           |       |       |       |       |   121 |       |       |       |       ||   121
       Quarterstaff      |       |       |       |       |    29 |    70 |       |       |       ||    99
       Unarmed           |       |       |       |       |     3 |       |       |       |       ||     3
       Lajatang          |       |       |       |       |       |     8 |       |       |   538 ||   546
       Longbow           |       |       |       |       |       |       |     1 |     1 |     1 ||     3
       Quick blade       |       |       |       |       |       |       |       |    89 |    58 ||   147
 Fire: Shortbow          |   108 |    22 |   156 |   798 |       |       |       |       |  2367 ||  3451
       Longbow           |       |       |       |    10 |   835 |  1171 |  1415 |  1707 |  1470 ||  6608
Throw: Stone             |    14 |       |       |    30 |       |       |       |       |       ||    44
 Cast: Sandblast         |       |       |       |     3 |       |       |       |       |       ||     3
       Blink             |       |       |       |       |       |       |       |       |     1 ||     1
Invok: Heroism           |       |       |       |    31 |    37 |    29 |    22 |    38 |    76 ||   233
       Finesse           |       |       |       |     2 |     2 |     2 |     5 |     2 |     6 ||    19
 Abil: Evoke Blink       |       |       |       |       |       |       |       |       |     3 ||     3
Evoke: Wand              |       |       |    32 |    25 |     1 |     7 |       |       |     3 ||    68
       Fan of gales      |       |       |       |       |       |       |       |       |     1 ||     1
       Lamp of fire      |       |       |       |       |       |       |       |       |     1 ||     1
  Use: Scroll            |       |     5 |    12 |    11 |    14 |    13 |     2 |    23 |    21 ||   101
       Potion            |       |     3 |     3 |    11 |     3 |     9 |     4 |     7 |    12 ||    52
  Eat: Chunk             |       |     6 |    15 |    15 |    18 |     7 |    13 |    32 |    10 ||   116
       Ration            |       |       |     1 |     5 |     4 |     8 |     3 |       |    14 ||    35
Armor: Ring mail         |    49 |    97 |   195 |   128 |       |       |       |       |       ||   469
       Chain mail        |       |       |       |   336 |   499 |   374 |       |       |       ||  1209
       Plate armour      |       |       |       |       |       |   170 |   270 |    56 |   147 ||   643
       Swamp dragon scal |       |       |       |       |       |    14 |    22 |       |       ||    36
       Crystal plate arm |       |       |       |       |       |       |     5 |   395 |       ||   400
       Gold dragon scale |       |       |       |       |       |       |       |       |   557 ||   557
Dodge: Dodged            |    77 |   106 |   298 |   647 |   634 |   839 |   501 |   656 |  2674 ||  6432
Block: Buckler           |       |    15 |       |       |       |       |       |     1 |       ||    16

Table legend:
 A = Spawn XP
 B = Non-spawn XP
 C = Spawn XP percentage of total XP
 D = Spawn monster count
 E = Non-spawn monster count
 F = Spawn count percentage of total count
 G = Total turns spent on level
                    A         B        C        D         E        F      G
               +---------+---------+-------+---------+---------+-------+---------
         Total |       0 | 1764636 |   0.0 |       0 |    2363 |   0.0 | 79825
               +---------+---------+-------+---------+---------+-------+---------
           D:1 |       0 |      84 |   0.0 |       0 |      25 |   0.0 |   989
           D:2 |       0 |     151 |   0.0 |       0 |      33 |   0.0 |   947
           D:3 |       0 |     241 |   0.0 |       0 |      22 |   0.0 |   936
           D:4 |       0 |     713 |   0.0 |       0 |      21 |   0.0 |  1896
           D:5 |       0 |     520 |   0.0 |       0 |      15 |   0.0 |   570
           D:6 |       0 |     983 |   0.0 |       0 |      24 |   0.0 |   987
           D:7 |       0 |    1410 |   0.0 |       0 |      24 |   0.0 |  1996
           D:8 |       0 |    2214 |   0.0 |       0 |      25 |   0.0 |  1673
           D:9 |       0 |    5766 |   0.0 |       0 |      45 |   0.0 |  3099
          D:10 |       0 |    3916 |   0.0 |       0 |      46 |   0.0 |  1947
          D:11 |       0 |    8400 |   0.0 |       0 |      55 |   0.0 |  1596
          D:12 |       0 |    9852 |   0.0 |       0 |      33 |   0.0 |  1267
          D:13 |       0 |   12053 |   0.0 |       0 |      59 |   0.0 |  1396
          D:14 |       0 |    4017 |   0.0 |       0 |      20 |   0.0 |   914
          D:15 |       0 |   35374 |   0.0 |       0 |      49 |   0.0 |  2520
        Lair:1 |       0 |    7936 |   0.0 |       0 |      38 |   0.0 |  3288
        Lair:2 |       0 |   13272 |   0.0 |       0 |      65 |   0.0 |  1767
        Lair:3 |       0 |    8302 |   0.0 |       0 |      26 |   0.0 |   763
       Swamp:1 |       0 |   12714 |   0.0 |       0 |      32 |   0.0 |   961
       Swamp:2 |       0 |   17759 |   0.0 |       0 |      47 |   0.0 |  1307
       Swamp:3 |       0 |   13274 |   0.0 |       0 |      36 |   0.0 |  1067
       Swamp:4 |       0 |   41762 |   0.0 |       0 |      63 |   0.0 |  1195
      Spider:1 |       0 |    4692 |   0.0 |       0 |      14 |   0.0 |  1110
      Spider:2 |       0 |   15622 |   0.0 |       0 |      42 |   0.0 |  2507
      Spider:3 |       0 |   20109 |   0.0 |       0 |      32 |   0.0 |  1695
      Spider:4 |       0 |   28067 |   0.0 |       0 |      55 |   0.0 |  1313
         Orc:1 |       0 |    1694 |   0.0 |       0 |      13 |   0.0 |   589
         Orc:2 |       0 |    8988 |   0.0 |       0 |      95 |   0.0 |  2288
         Elf:1 |       0 |   31809 |   0.0 |       0 |      64 |   0.0 |  1240
         Elf:2 |       0 |   47165 |   0.0 |       0 |      65 |   0.0 |  2492
         Elf:3 |       0 |   62216 |   0.0 |       0 |      65 |   0.0 |  1748
      Vaults:1 |       0 |   68838 |   0.0 |       0 |     116 |   0.0 |  2252
      Vaults:2 |       0 |   51597 |   0.0 |       0 |      65 |   0.0 |  1610
      Vaults:3 |       0 |   78621 |   0.0 |       0 |      92 |   0.0 |  3159
      Vaults:4 |       0 |   92169 |   0.0 |       0 |     121 |   0.0 |  3368
      Vaults:5 |       0 |  190372 |   0.0 |       0 |     141 |   0.0 |  2878
      Depths:1 |       0 |   81998 |   0.0 |       0 |      90 |   0.0 |  2401
      Depths:2 |       0 |   63530 |   0.0 |       0 |      67 |   0.0 |  1442
      Depths:3 |       0 |  182153 |   0.0 |       0 |     133 |   0.0 |  3389
      Depths:4 |       0 |  108501 |   0.0 |       0 |      83 |   0.0 |  2850
      Depths:5 |       0 |   41045 |   0.0 |       0 |      35 |   0.0 |  1218
         Zot:1 |       0 |   64000 |   0.0 |       0 |      36 |   0.0 |  1238
         Zot:2 |       0 |   33444 |   0.0 |       0 |      20 |   0.0 |  1092
         Zot:3 |       0 |   55257 |   0.0 |       0 |      38 |   0.0 |  1604
         Zot:4 |       0 |   42989 |   0.0 |       0 |      22 |   0.0 |  1495
         Zot:5 |       0 |  189047 |   0.0 |       0 |      56 |   0.0 |  1485
               +---------+---------+-------+---------+---------+-------+---------
